 Dungeon Crawl Stone Soup version 0.30-a0-757-ga6a79fd877 (webtiles) character file.

Game seed: 12498959968921999810

2 scionoferis the Vexing (level 1, -1/16 HPs)
             Began as a Demigod Hexslinger on Feb 9, 2023.
             Slain by a hobgoblin (4 damage)
             ... on level 1 of the Dungeon.
             The game lasted 00:00:18 (71 turns).

scionoferis the Vexing (Demigod Hexslinger)           Turns: 71, Time: 00:00:18

Health: -1/16      AC:  2    Str: 11    XL:     1   Next: 26%
Magic:  4/4        EV: 12    Int: 15    God:
Gold:   31         SH:  0    Dex: 14    Spells: 1/2 levels left

rFire   . . .      SeeInvis .    a - +1 sling
rCold   . . .      Faith    .    (no shield)
rNeg    . . .      Spirit   .    c - +0 robe
rPois   .          Reflect  .    (no helmet)
rElec   .          Harm     .    (no cloak)
rCorr   .          Rampage  .    (no gloves)
Will    .....                    (no boots)
Stlth   +                        (no amulet)
HPRegen 0.22/turn                (no ring)
MPRegen 0.09/turn                (no ring)

@: no status effects
A: high MP 1, forlorn, divine attributes
a: no special abilities


You were on level 1 of the Dungeon.
You visited 1 branch of the dungeon, and saw 1 of its levels.

You collected 31 gold pieces.


Innate Abilities, Weirdness & Mutations

You have an increased reservoir of magic. (+10% MP)
You shall have no god before yourself.
Your divine heritage dramatically boosts your attributes as you level up.


   Skills:
 + Level 1.0 Fighting
 - Level 1.7 Ranged Weapons
 * Level 1.9 Dodging
 + Level 0.2 Stealth
 - Level 1.0 Spellcasting
 - Level 2.6 Hexes


You had one spell level left.
You knew the following spells:

 Your Spells              Type           Power      Damage    Failure   Level
a - Slow                  Hex            32%        N/A       9%          1

Your spell library contained the following spells:

 Spells                   Type           Power      Damage    Failure   Level
 Inner Flame              Hex/Fire       4%         N/A       38%         3
 Portal Projectile        Hex/Tloc       8%         N/A       38%         3
 Cause Fear               Hex            4%         N/A       63%         4

Inventory:

Hand Weapons
 a - a +1 sling (weapon)
Armour
 c - a +0 robe (worn)
Scrolls
 b - a scroll of poison
 e - a scroll of amnesia {unknown}
Potions
 d - a potion of flight {unknown}

Dungeon Overview and Level Annotations

Branches:
Dungeon (1/15)

##+##....####.#
#...#P...♣ #.......#
#.<.#♣PP. #........#
#...#P.♣P
###.##...###...#....♣
# ##....#...#.♣PP.
##...#.#.#....P
#...#.#.#P..PP
#...#...#PPP.P
#@###...#♣P.P♣
#†g.....# #.##.....
#.. #### ... ....
#... #.##.


You could see a hobgoblin.


Message History

Welcome, scionoferis the Demigod Hexslinger.
Will you prevail where others failed? Will you find the Orb of Zot?
Press ? for a list of commands and other information.
Found a dark potion.
Found a staircase leading out of the dungeon.
d - a dark potion You now have 12 gold pieces.
You open the door.
There is an open door here.
You open the door.
Found two robes.
There is an open door here.
e - a scroll labelled JOZ UHIVIA A rat comes into view.
You shoot a sling bullet. The sling bullet hits the rat.
You kill the rat!
No target in view!
No target in view!
You now have 31 gold pieces (gained 19).
A hobgoblin comes into view.
You shoot a sling bullet.
The sling bullet hits the hobgoblin but does no damage.
The hobgoblin shouts!
You hear an angry hiss.
A ball python comes into view.
You shoot a sling bullet. The sling bullet hits the hobgoblin.
The hobgoblin is severely wounded.
A hobgoblin comes into view.
You shoot a sling bullet.
The sling bullet completely misses the hobgoblin.
The hobgoblin shouts!
The hobgoblin completely misses you. The hobgoblin barely misses you.
You shoot a sling bullet. The sling bullet hits the hobgoblin.
The hobgoblin is almost dead.
The hobgoblin completely misses you.
You shoot a sling bullet. The sling bullet hits the hobgoblin.
You kill the hobgoblin!
The ball python barely misses you. The ball python grabs you.
The ball python constricts you.
Your Fighting skill increases to level 1!
You shoot a sling bullet.
The sling bullet barely misses the ball python.
The ball python bites you but does no damage.
The ball python constricts you. The ball python barely misses you.
The ball python constricts you.
You shoot a sling bullet.
The sling bullet closely misses the ball python.
The ball python bites you. The ball python constricts you.
The hobgoblin hits you. The ball python barely misses you.
The ball python constricts you.
You shoot a sling bullet. The sling bullet hits the ball python!
You kill the ball python!
The hobgoblin hits you.
You are too injured to fight recklessly!
You are too injured to fight recklessly!
You are too injured to fight recklessly!
Fire: a) +1 sling
Press: ? - help, Q - select action, (/) - cycle Shift-Dir - straight line, f - hobgoblin
Aim: a hobgoblin (56% to hit)
You shoot a sling bullet.
The sling bullet hits the hobgoblin but does no damage.
The hobgoblin hits you.
* * * LOW HITPOINT WARNING * * *
The hobgoblin hits you.
* * * LOW HITPOINT WARNING * * *
Fire: a) +1 sling
Press: ? - help, Q - select action, (/) - cycle Shift-Dir - straight line, f/p - hobgoblin
Aim: a hobgoblin (56% to hit)
You shoot a sling bullet. The sling bullet hits the hobgoblin.
The hobgoblin is almost dead.
The hobgoblin barely misses you.
Fire: a) +1 sling
Press: ? - help, Q - select action, (/) - cycle Shift-Dir - straight line, f/p - hobgoblin
Aim: a hobgoblin (almost dead, 56% to hit)
You shoot a sling bullet.
The sling bullet barely misses the hobgoblin.
The hobgoblin closely misses you.
Fire: a) +1 sling
Press: ? - help, Q - select action, (/) - cycle Shift-Dir - straight line, f/p - hobgoblin
Aim: a hobgoblin (almost dead, 56% to hit)
You shoot a sling bullet.
The sling bullet closely misses the hobgoblin.
The hobgoblin hits you.
You die...

Skill      XL: |  1 |
---------------+----+-----
Fighting       | 1 |  1.0
Ranged Weapons | |  1.7
Dodging        | |  1.9
Stealth        | |  0.2
Spellcasting   | |  1.0
Hexes          | |  2.6

Action                     || total
---------------------------++-------
   Fire: Sling             ||    13
 Armour: Robe              ||     1
  Dodge: Dodged            ||     8

Levels and vault maps discovered:
D:1:      minmay_arrival_arboretum_small, layout_basic,
          shapermc_ecumenical_altar_mp_highgroup

Notes
Turn   | Place    | Note
-------+----------+-------------------------------------------
     0 | D:1      | scionoferis the Demigod Hexslinger began the quest for the
                  | Orb.
     0 | D:1      | Reached XP level 1. HP: 15/15 MP: 4/4
    65 | D:1      | Reached skill level 1 in Fighting
    71 | D:1      | Slain by a hobgoblin

Vanquished Creatures
  A hobgoblin (D:1)
  A ball python (D:1)
  A rat (D:1)
3 creatures vanquished.

Table legend: (Time is in decaauts)
 A = Elapsed time spent in this place.
 B = Non-inter-level travel time spent in this place.
 C = Inter-level travel time spent in this place.
 D = Time resting spent in this place.
 E = Time spent auto-exploring this place.
 F = Levels seen in this place.
 G = Mean time per level.
                   A        B        C        D        E       F      G
               +--------+--------+--------+--------+--------+-----+--------+
         Total |     74 |     74 |      0 |      0 |     55 |   1 |   74.0 |
       Dungeon |     74 |     74 |      0 |      0 |     55 |   1 |   74.0 |
               +--------+--------+--------+--------+--------+-----+--------+

Top non-repeatable levels by time:
     D:1: 74 daAuts

Table legend:
 A = Non-vault XP
 B = Vault XP
 C = Vault XP percentage of total XP
 D = Non-vault monster count
 E = Vault monster count
 F = Vault count percentage of total count
                 A         B        C        D         E       F
            +---------+---------+-------+---------+---------+-------
      Total |       4 |       0 |   0.0 |       3 |       0 |   0.0
            +---------+---------+-------+---------+---------+-------
        D:1 |       4 |       0 |   0.0 |       3 |       0 |   0.0
            +---------+---------+-------+---------+---------+-------
